 Dungeon Crawl Stone Soup version 0.24.0-10-g970556be89 (webtiles) character file.

Game seed: 4367537972464129280, levelgen mode: deterministic

3252 LostNumber the Covert (level 9, -2/64 HPs)
             Began as an Octopode Hunter on Nov 3, 2019.
             Was a Follower of Okawaru.
             Slain by a porcupine (8 damage)
             ... on level 8 of the Dungeon.
             The game lasted 00:13:19 (8429 turns).

LostNumber the Covert (Octopode Hunter)             Turns: 8429, Time: 00:13:20

Health: -2/64      AC:  1    Str: 12    XL:     9   Next: 99%
Magic:  10/11      EV: 17    Int: 14    God:    Okawaru [*.....]
Gold:   444        SH:  0    Dex: 14    Spells: 8/8 levels left

rFire    + . .     SeeInvis .   b - +2 dagger (drain)
rCold    . . .     Gourm    .   (no shield)
rNeg     . . .     Faith    +   (helmet restricted)
rPois    .         Spirit   .   y - amulet of faith {!P}
rElec    .         Reflect  .   p - ring of resist corrosion
rCorr    +         Harm     .   i - ring of protection from fire
MR       .....                  u - ring of wizardry
Stlth    +++++++...             (no ring)
HPRegen  0.20/turn              (no ring)
MPRegen  0.12/turn              (no ring)
                                (no ring)
                                (no ring)

@: heroism
A: almost no armour, stealthy swim, amphibious, 8 rings, constrict 8, camouflage
1, gelatinous body 1
a: Heroism, Renounce Religion


You were on level 8 of the Dungeon.
You worshipped Okawaru.
Okawaru was aware of your devotion.
You were not hungry.

You visited 2 branches of the dungeon, and saw 9 of its levels.
You also visited: Sewer.

You collected 444 gold pieces.

Inventory:

Hand Weapons
 a - a +1 hunting sling
 b - a +2 dagger of draining (weapon)
   (You took it off a goblin on level 1 of the Dungeon)
 k - a +0 short sword
Missiles
 c - 44 sling bullets
 j - 116 stones (quivered)
 w - 3 throwing nets {!f}
Jewellery
 i - a ring of protection from fire (right tentacle)
   (You took it off a centaur on level 5 of the Dungeon)
 n - an uncursed amulet of regeneration
   (You found it on level 2 of the Dungeon)
 p - a ring of resist corrosion (left tentacle)
   (You found it on level 4 of the Dungeon)
 u - a ring of wizardry (on tentacle)
   (You found it on level 5 of the Dungeon)
 y - an amulet of faith (around mantle) {!P}
   (You found it on level 7 of the Dungeon)
Wands
 t - a wand of flame (15)
   (You found it on level 7 of the Dungeon)
Scrolls
 g - 2 scrolls of magic mapping
 h - 2 scrolls of teleportation {@r4}
Potions
 d - a potion of magic {unknown}
 f - a potion of mutation {unknown}
 m - 2 potions of brilliance
 o - a potion of curing {@q1}
 q - a potion of berserk rage {unknown}
 v - 3 potions of flight
 A - a potion of lignification {unknown}
Miscellaneous
 r - a sack of spiders
Comestibles
 e - 15 rations {!d}
 B - a chunk of flesh


   Skills:
 + Level 7.5(12.5) Fighting
 - Level 4.0(9.0) Short Blades
 + Level 8.4(13.4) Slings
 - Level 2.0(7.0) Dodging
 + Level 10.5(15.5) Stealth
 + Level 2.7 Invocations


You had 8 spell levels left.
You didn't know any spells.
Your spell library contained the following spells:

 Spells                   Type           Power        Failure   Level  Hunger
 Animate Skeleton         Necr           N/A          12%         1    ##.....
 Flame Tongue             Conj/Fire      #....        12%         1    ##.....
 Pain                     Necr           #...         12%         1    ##.....
 Throw Flame              Conj/Fire      #.....       17%         2    ###....
 Conjure Flame            Conj/Fire      #.......     32%         3    ####...
 Inner Flame              Hex/Fire       #.......     32%         3    ####...
 Regeneration             Chrm/Necr      #.........   32%         3    ####...
 Vampiric Draining        Necr           #.........   32%         3    ####...
 Animate Dead             Necr           N/A          71%         4    #####..
 Sticky Flame             Conj/Fire      #.......     71%         4    #####..
 Fireball                 Conj/Fire      #.........   95%         5    ######.


Dungeon Overview and Level Annotations

Branches:
Dungeon (8/15)             Temple (1/1) D:6           Sewer (visited)
   Lair: D:8-11

Altars:
Ashenzari
Cheibriados
Dithmenos
Elyvilon
Fedhas
Gozag
Kikubaaqudgha
Makhleb
Nemelex Xobeh
Okawaru
Qazlal
Ru
Sif Muna
Trog
Uskayaw
Vehumet
Wu Jian
Zin
The Shining One


Innate Abilities, Weirdness & Mutations

You cannot wear most types of armour.
You are very stealthy in the water. (Stealth+)
You are amphibious.
You can wear up to eight rings at the same time.
You can use your tentacles to constrict eight enemies at once.
Your skin changes colour to match your surroundings (Stealth+).
Your rubbery body absorbs attacks. (AC +1, EV +1)


Message History

The porcupine bites you!
* * * LOW HITPOINT WARNING * * *
You gain the combat prowess of a mighty hero.
The porcupine bites you!
* * * LOW HITPOINT WARNING * * *
Unknown command.
Okay, then.
You feel much better. The porcupine barely misses you.
An orc wizard comes into view. It is wielding a +0 dagger.
Unknown command.
The porcupine closely misses you.
The orc priest miscasts a cantrip.
Unknown command.
The porcupine bites you!
* * * LOW HITPOINT WARNING * * *
An orc comes into view.
It is wielding a +0 vampiric short sword.
The orc shouts!
You hear a shout!
The orc moves out of view.
You see here a worker ant corpse.
Unknown command.
The orc priest begins to cast a cantrip, but forgets the words!
A crocodile and an orc come into view.
The orc priest mumbles some strange prayers to Beogh against you.
Pain shoots through your body!
* * * LOW HITPOINT WARNING * * *
There is a stone staircase leading up here.
Unknown command.
Unknown command.
Okay, then.
As you read the scroll labeled FICZAV MANE, it crumbles to dust.
The creatures around you are filled with an inner flame!
It was a scroll of immolation.
The porcupine misses you. The orc hits you but does no damage.
The porcupine closely misses you. The orc priest closely misses you.
As you read the scroll labeled JOCSEL SITTATSIHUBB, it crumbles to dust.
You smell a dewy forest on a spring morning.
It was a scroll of random uselessness.
The orc completely misses you. The porcupine completely misses you.
The orc priest hits you but does no damage.
As you read the scroll labeled NUPEUWUKEI, it crumbles to dust.
It is a scroll of enchant weapon.
Your +1 dagger of draining glows red for a moment.
The orc hits you with a +0 vampiric short sword.
* * * LOW HITPOINT WARNING * * *
The porcupine misses you. The orc priest barely misses you.
Unknown command.
As you read the scroll labeled RUSOMO KIRIBBERPH, it crumbles to dust.
You feel blessed for a moment.
It was a scroll of remove curse.
The porcupine bites you!
You die...

.. ####..# .# #..
#.....##..#.# ....
#.......8.... .....
#...#.#...#.#
......#...#.# ..#
.........†#.##..#.#
#.###....÷..%......
........†ro##[....
.?........@........
#...?..###.o.##...o
#...... ##..# .#
#..###. #.... . ...
.. ...... # #..####
...# ..#


You could see a porcupine (inner flame), an orc priest (inner flame) and an orc
(inner flame).

Vanquished Creatures
  Sigmund (D:6)
  Eustachio (D:5)
  An orc warrior (D:7)
  A sky beast (D:7)
  A necrophage (D:6)
  2 ogres
  A phantom (D:4)
  A centaur (D:5)
  4 bullfrogs
  4 killer bees (D:7)
  4 wights (D:6)
  3 howler monkeys (D:8)
  A crimson imp (D:5)
  2 jellies (D:7)
  3 bullfrog skeletons
  2 bullfrog zombies (D:5)
  2 centaur zombies
  2 orc priests
  3 hounds
  A centaur skeleton (D:5)
  A gnoll shaman (D:6)
  2 orc wizards
  Terence (D:3)
  Natasha (thrice) (D:3)
  4 iguanas
  8 worker ants
  3 hound zombies
  A hound skeleton (D:7)
  5 worker ant zombies (D:5)
  A howler monkey skeleton (D:5)
  14 adders
  18 gnolls
  4 river rats (D:6)
  4 adder zombies (D:5)
  An adder skeleton (D:4)
  3 worms
  7 dart slugs
  9 leopard geckos
  17 orcs
  6 ball pythons
  10 giant cockroaches
  11 goblins
  7 hobgoblins
  13 jackals
  3 quokkas
  9 bats
  10 frilled lizards
  A giant cockroach zombie (D:5)
  9 kobolds
  A quokka skeleton (D:5)
  A quokka zombie (D:6)
  11 rats
238 creatures vanquished.

Vanquished Creatures (others)
  A leopard gecko (D:3)
  A fungus (D:8)
2 creatures vanquished.

Grand Total: 240 creatures vanquished

Notes
Turn   | Place    | Note
-------+----------+-------------------------------------------
     0 | D:1      | LostNumber the Octopode Hunter began the quest for the Orb.
     0 | D:1      | Reached XP level 1. HP: 14/14 MP: 1/1
    44 | D:1      | Reached skill level 2 in Stealth
    44 | D:1      | Reached XP level 2. HP: 7/19 MP: 2/2
   400 | D:1      | Reached XP level 3. HP: 24/25 MP: 3/3
   673 | D:1      | Reached skill level 1 in Short Blades
  1173 | D:2      | Reached skill level 3 in Stealth
  1173 | D:2      | Reached XP level 4. HP: 29/30 MP: 4/4
  1453 | D:2      | Reached XP level 5. HP: 34/36 MP: 5/5
  2052 | D:3      | Noticed Natasha
  2063 | D:3      | Killed Natasha
  2063 | D:3      | Reached skill level 4 in Stealth
  2222 | D:3      | Reached XP level 6. HP: 30/42 MP: 6/6
  2293 | D:3      | Reached skill level 5 in Slings
  2376 | D:3      | Noticed Natasha
  2386 | D:3      | Killed Natasha
  2400 | D:3      | Noticed Terence
  2434 | D:3      | Killed Terence
  2523 | D:3      | Noticed Natasha
  2540 | D:3      | Killed Natasha
  2720 | D:3      | Reached skill level 5 in Stealth
  2852 | D:3      | Found a snail-covered altar of Cheibriados.
  2852 | D:3      | Found a glowing golden altar of the Shining One.
  2853 | D:3      | Found a shattered altar of Ashenzari.
  3140 | D:3      | Found a hide-covered altar of Uskayaw.
  3140 | D:3      | Noticed a +0 hand axe
  3140 | D:3      | Noticed a +0 hand axe
  3337 | D:4      | Reached XP level 7. HP: 44/47 MP: 7/7
  3684 | D:5      | Entered Level 5 of the Dungeon
  3834 | D:5      | Reached skill level 6 in Stealth
  4045 | D:5      | Reached XP level 8. HP: 26/54 MP: 8/8
  4158 | D:5      | Noticed Eustachio
  4168 | D:5      | Killed Eustachio
  4168 | D:5      | Reached skill level 5 in Fighting
  4168 | D:5      | Reached skill level 7 in Stealth
  5049 | D:6      | Noticed Sigmund
  5078 | D:6      | Found a glowing drain.
  5085 | Sewer    | Entered a sewer
  5144 | Sewer    | Reached skill level 8 in Stealth
  5318 | D:6      | Killed Sigmund
  5359 | D:6      | Reached XP level 9. HP: 62/62 MP: 9/9
  5474 | D:6      | Found a snail-covered altar of Cheibriados.
  5596 | D:6      | Reached skill level 9 in Stealth
  5929 | D:6      | Found a shadowy altar of Dithmenos.
  5939 | D:6      | Got a sparkling ruby amulet
  5940 | D:6      | Found a staircase to the Ecumenical Temple.
  5954 | Temple   | Entered the Ecumenical Temple
  6044 | Temple   | Became a worshipper of Warmaster Okawaru
  6343 | D:7      | Identified the amulet "Agecs" {+Rage Str+9} (You found it
                  | on level 6 of the Dungeon)
  6746 | D:7      | Reached skill level 1 in Invocations
  6751 | D:7      | Reached skill level 10 in Stealth
  7572 | D:7      | Reached * piety under Okawaru
  8414 | D:8      | HP: 1/64 [porcupine (12)]
  8429 | D:8      | Slain by a porcupine

Levels and vault maps discovered:
D:1:      lightli_arrival_isolated_outpost, layout_basic, minivault_4
D:2:      layout_basic, minmay_pentomino_o4
D:3:      layout_basic, dancing_weapons_uskayaw, gammafunk_temple_overflow_claw,
          first_ration, kennysheep_pointless_box, uniq_terence, uniq_natasha
D:4:      layout_rooms
D:5:      layout_layer_cave, serial_undead, serial_undead_f, serial_undead_e,
          serial_undead_d, serial_undead_f, serial_undead_d, serial_undead_d,
          uniq_eustachio
D:6:      layout_rooms, nicolae_overflow_hidden_temple, temple_pool_b,
          lightli_sewer_entry_pipes, cheibriados_altar_1, uniq_sigmund
D:7:      layout_cave_pods, grunt_ogre_cave
D:8:      gammafunk_beogh_shrine, layout_basic, grunt_lair_entry_orc_guard_hut,
          serial_shops, shop, kennysheep_mini_moat, shop, shop_statue,
          uniq_erica
Temple:   eino_temple_scatter_basement

Skill      XL: |  1  2  3  4  5  6  7  8  9 |
---------------+----------------------------+-----
Stealth        | 2 3 4 5 6 8 10 | 10.5
Short Blades   | 1 2 3 4 |  4.0
Fighting       | 3 4 6 7 |  7.5
Slings         | 5 7 8 |  8.4
Invocations    | 2 |  2.7
Dodging        | |  2.0

Action                   |  1- 3 |  4- 6 |  7- 9 || total
-------------------------+-------+-------+-------++-------
Melee: Short sword       |    37 |       |       ||    37
       Constrict         |    20 |    44 |    81 ||   145
       Tentacles         |    14 |    34 |    84 ||   132
       Dagger            |    24 |   158 |   413 ||   595
       Punch             |       |       |     1 ||     1
 Fire: Hunting sling     |    11 |       |    30 ||    41
Invok: Heroism           |       |       |     2 ||     2
  Use: Scroll            |       |     2 |     9 ||    11
       Potion            |       |     2 |     2 ||     4
 Stab: Sleeping          |     5 |    13 |    29 ||    47
       Distracted        |       |       |     1 ||     1
  Eat: Chunk             |     1 |     7 |    16 ||    24
Armor: Skin              |     8 |    12 |    24 ||    44
Dodge: Dodged            |    37 |   108 |   230 ||   375
